 Dungeon Sprint DCSS version 0.28.0-53-g5a82cb258f (webtiles) character file.

Game seed: 3595410738598832839

763 Descartes the Grappler (level 7, -2/66 HPs)
             Began as a Troll Fighter on May 29, 2022.
             Was an Initiate of Jiyva.
             Slain by an orange demon (11 damage)
             ... summoned by a kobold demonologist
             ... in the Dungeon (Sprint I: "Red Sonja").
             The game lasted 00:01:08 (139 turns).

Descartes the Grappler (Troll Fighter)               Turns: 139, Time: 00:01:08

Health: -2/66      AC:  4    Str: 27    XL:     7   Next: 51%
Magic:  6/6        EV:  9    Int:  4    God:    Jiyva [......]
Gold:   280        SH: 10    Dex:  9    Spells: 6/6 levels left

rFire   . . .      SeeInvis .     - Unarmed
rCold   . . .      Faith    .   b - +0 kite shield
rNeg    . . .      Spirit   .   a - +0 robe
rPois   .          Reflect  .   (helmet restricted)
rElec   .          Harm     .   (no cloak)
rCorr   .          Rampage  .   (gloves unavailable)
Will    .....      NoTele   +   (boots unavailable)
Stlth   +.........              (no amulet)
HPRegen 1.01/turn               (no ring)
MPRegen 0.10/turn               (no ring)

@: no status effects
A: large, unfitting armour, claws 3, regeneration 1, shaggy fur 1, tough skin 1
a: Renounce Religion


You were in the Dungeon.
You worshipped Jiyva.
Jiyva was noncommittal.
You visited 1 branch You collected 280 gold pieces.

Inventory:

Hand Weapons
 k - a +0 giant spiked club
Armour
 a - a +0 robe (worn)
 b - a +0 kite shield (worn)
Wands
 j - a wand of flame (9)
 l - a wand of polymorph (13)
Scrolls
 i - a scroll of blinking
Potions
 c - a potion of might
 d - a potion of curing
 e - a potion of heal wounds
 f - a potion of haste
 g - 2 potions of magic
 h - a potion of berserk rage


   Skills:
 - Level 2.4 Fighting
 - Level 2.4 Dodging
 + Level 0.1 Stealth
 + Level 10.9 Shields
 + Level 11.1 Unarmed Combat


You had 6 spell levels left.
You didn't know any spells.
Your spell library was empty.

Dungeon Overview and Level Annotations

Branches:
Dungeon (1/1)

Altars:
Makhleb
Sif Muna
Vehumet
Wu Jian
Xom
Jiyva
Lugonu


Innate Abilities, Weirdness & Mutations

You are too large for most types of armour.
You have claws for hands.
Your natural rate of healing is unusually fast.
You are covered in fur. (AC +1)
You have tough skin. (AC +1)


Message History

The kobold demonologist looks encouraged for a moment.
The demonic crawler shrieks in warning! x2
Your Shields skill increases to level 10!
Your Unarmed Combat skill gained 2 levels and is now at level 11!
You have reached level 7!
You claw the kobold demonologist!
The kobold demonologist is lightly wounded.
You hear a distant slurping noise.
You block the demonic crawler's attack. The demonic crawler closely misses you.
You block the demonic crawler's attack.
The kobold demonologist looks braver for a moment.
You scratch the kobold demonologist but do no damage.
The kobold demonologist is lightly wounded.
You block the demonic crawler's attack. x2; The demonic crawler misses you.
You hear a distant slurping noise.
The kobold demonologist hits you but does no damage.
You miss the kobold demonologist.
The kobold demonologist is lightly wounded.
The demonic crawler shrieks in warning!
The kobold demonologist casts a spell.
Unknown command.
You scratch the kobold demonologist.
The kobold demonologist is lightly wounded.
The demonic crawler hits you. x2
The demonic crawler hits you but does no damage.
The demonic crawler shrieks in warning! x2
You hear a distant slurping noise.
The kobold demonologist hits you with a +2 dagger of speed.
The demonic crawler hits you! The demonic crawler hits you.
The demonic crawler hits you but does no damage.
You claw the kobold demonologist!
The kobold demonologist is moderately wounded.
The orange demon stings you! You block the orange demon's attack.
The kobold demonologist mumbles some strange words.
You block the demonic crawler's attack. The demonic crawler closely misses you.
The demonic crawler hits you!
* * * LOW HITPOINT WARNING * * *
You scratch the orange demon.
The orange demon is lightly wounded.
The orange demon stings you!
You die...

########################
.#..'..#..'..#__#Kss5..#
.').#..').#..'.4@ss#5..#
.#####'#####'#_4####


.5sss .# #..# #.####:?# ##.. .# #### ##.#§§§§c# # .# #_.+≈§§§.+ ⌠# +..._#≈≈≈§c#
## #_.#+# +#### ##+ You could see 4 demonic crawlers, an orange demon
(summoned), a hellwing (summoned), a kobold demonologist and an iron imp
(summoned).

Vanquished Creatures
  A kobold demonologist (D)
  A slime creature (D)
  Sigmund (D)
  An ogre (D)
  A jelly (D)
  Ijyb (D)
6 creatures vanquished.

Vanquished Creatures (others)
  2 floating eyes (D)
  3 necrophages (D)
  7 jellies (D)
12 creatures vanquished.

Grand Total: 18 creatures vanquished

Notes
Turn   | Place    | Note
-------+----------+-------------------------------------------
     0 | D        | Descartes the Troll Fighter began the quest for the Orb.
     0 | D        | Reached XP level 1. HP: 22/22 MP: 0/0
     1 | D        | Noticed Ijyb
    21 | D        | Killed Ijyb
    22 | D        | Reached skill level 3 in Unarmed Combat
    22 | D        | Reached XP level 2. HP: 14/29 MP: 1/1
    40 | D        | Noticed an ogre
    45 | D        | Killed an ogre
    46 | D        | Reached skill level 5 in Unarmed Combat
    46 | D        | Reached XP level 3. HP: 36/36 MP: 2/2
    46 | D        | Reached XP level 4. HP: 44/44 MP: 3/3
    51 | D        | Noticed Sigmund
    58 | D        | Killed Sigmund
    59 | D        | Reached skill level 8 in Unarmed Combat
    59 | D        | Reached XP level 5. HP: 47/50 MP: 4/4
    59 | D        | Reached XP level 6. HP: 56/59 MP: 5/5
    80 | D        | Found a burning altar of Makhleb.
    80 | D        | Found a viscous altar of Jiyva.
    80 | D        | Found a shimmering altar of Xom.
    80 | D        | Found a corrupted altar of Lugonu.
    80 | D        | Noticed a slime creature
    88 | D        | Killed a slime creature
    89 | D        | Reached skill level 9 in Unarmed Combat
    91 | D        | Found an ornate altar of the Wu Jian Council.
    91 | D        | Found a shimmering blue altar of Sif Muna.
    93 | D        | Found a radiant altar of Vehumet.
   100 | D        | Noticed a centaur warrior
   100 | D        | Noticed a centaur warrior
   108 | D        | Became a worshipper of Jiyva Jegul the Shapeless
   121 | D        | Noticed a kobold demonologist
   121 | D        | Noticed a floating eye
   121 | D        | Noticed a demonic crawler
   121 | D        | Noticed a demonic crawler
   121 | D        | Noticed a demonic crawler
   121 | D        | Noticed a demonic crawler
   121 | D        | Killed a floating eye
   121 | D        | Noticed a kobold demonologist
   128 | D        | Killed a floating eye
   133 | D        | Killed a kobold demonologist
   134 | D        | Reached skill level 10 in Shields
   134 | D        | Reached skill level 11 in Unarmed Combat
   134 | D        | Reached XP level 7. HP: 55/66 MP: 6/6
   137 | D        | Noticed an orange demon
   139 | D        | Noticed a hellwing
   139 | D        | Slain by an orange demon

Illustrated notes

Levels and vault maps discovered:
D:        dungeon_sprint_1 [red_sonja_temple_1, red_sonja_temple_small_1]

Skill      XL: |  1  2  3  4  5  6 |
---------------+-------------------+-----
Shields        | 4 6 8 10 | 10.9
Unarmed Combat | 3 5 8 11 | 11.1
Fighting       | |  2.4
Dodging        | |  2.4
Stealth        | |  0.1

Action                   |  1- 3 |  4- 6 |  7- 9 || total
-------------------------+-------+-------+-------++-------
Melee: Unarmed           |    23 |    21 |     6 ||    50
Armor: Robe              |     1 |     1 |     3 ||     5
Dodge: Dodged            |     6 |     5 |     3 ||    14
Block: Kite shield       |     7 |    10 |     6 ||    23
